 Dungeon Crawl Stone Soup version 0.27.1-1-g398f81649c (webtiles) character file.

Game seed: 3688446958430499415

158 funkygono the Firebug (level 5, -2/28 HPs)
             Began as a Gargoyle Fire Elementalist on Sept 9, 2021.
             Slain by Grinder (3 damage)
             ... while paralysed by Grinder
             ... on level 3 of the Dungeon.
             The game lasted 00:04:05 (2675 turns).

funkygono the Firebug (Gargoyle Fire Elementalist)  Turns: 2675, Time: 00:04:06

Health: -2/28      AC:  7    Str: 12    XL:     5   Next: 39%
Magic:  0/9        EV:  2    Int: 16    God:
Gold:   60         SH:  0    Dex: 10    Spells: 1/9 levels left

rFire    . . .     SeeInvis .   d - +0 whip
rCold    . . .     Faith    .   (no shield)
rNeg     + . .     Spirit   .   a - +0 robe
rPois    ∞         Reflect  .   (no helmet)
rElec    +         Harm     .   (no cloak)
rCorr    .         Rampage  .   (no gloves)
Will     .....                  e - +0 pair of boots
Stlth    ++........             (no amulet)
HPRegen  0.09/turn              (no ring)
MPRegen  0.11/turn              (no ring)

@: paralysed
A: sickness immunity, AC +4, negative energy resistance 1, electricity
resistance, torment resistance 1, petrification resistance
a: no special abilities


You were on level 3 of the Dungeon.
You visited 1 branch of the dungeon, and saw 3 of its levels.

You collected 60 gold pieces.

Inventory:

Hand Weapons
 d - a +0 whip (weapon)
 g - a +0 mace
Missiles
 f - 76 stones
Armour
 a - a +0 robe (worn)
 e - a +0 pair of boots (worn)
Magical Staves
 c - a staff of cold
Scrolls
 k - 3 scrolls of teleportation
Potions
 h - a potion of brilliance
 i - a potion of mutation
 j - a potion of magic {unknown}
 m - a potion of heal wounds {unknown}


   Skills:
 + Level 0.3 Fighting
 + Level 1.7 Dodging
 - Level 2.1 Stealth
 * Level 2.9 Spellcasting
 * Level 3.5 Conjurations
 * Level 4.1 Fire Magic


You had one spell level left.
You knew the following spells:

 Your Spells              Type           Power      Damage    Failure   Level
a - Foxfire               Conj/Fire      56%        2x1d6     3%          1
b - Conjure Flame         Conj/Fire      14%        6-21      12%         3
c - Sticky Flame          Conj/Fire      14%        2d4       36%         4

Your spell library contained the following spells:

 Spells                   Type           Power      Damage    Failure   Level
 Inner Flame              Hex/Fire       9%         N/A       24%         3
 Fireball                 Conj/Fire      7%         3d5       71%         5


Dungeon Overview and Level Annotations

Branches:
Dungeon (3/15)

Altars:
Hepliaklqana

Annotations:
D:3 Grinder


Innate Abilities, Weirdness & Mutations

You are immune to sickness and miasma.
Your stone body is resilient. (AC +4)
You are immune to poison.
You resist negative energy. (rN+)
You are resistant to electric shocks. (rElec)
You are resistant to unholy torment.
You are immune to petrification.


Message History

Grinder is almost dead.
Grinder gestures at you. Pain shoots through your body!
Grinder gestures at you. You resist with significant effort.
Grinder gestures at you. Pain shoots through your body!
Grinder blinks!
Casting: Foxfire (safe; 3% risk of failure)
Confirm with . or Enter, or press ? or * to list all spells.
You don't have enough magic to cast this spell.
Unknown command.
Grinder gestures at you. You resist with significant effort.
Grinder hits you but does no damage.
Casting: Foxfire (safe; 3% risk of failure)
Confirm with . or Enter, or press ? or * to list all spells.
You conjure some foxfire!
Grinder gestures at you. Pain shoots through your body!
Unknown command.
You hit Grinder.
Grinder is almost dead.
The foxfire hits Grinder.
Grinder is almost dead.
The foxfire hits Grinder but does no damage.
Grinder is almost dead.
Grinder hits you.
You closely miss Grinder.
Grinder is almost dead.
Grinder gestures at you.
You suddenly lose the ability to move!
Grinder hits you.
* * * LOW HITPOINT WARNING * * *
You writhe in agony.
* * * LOW HITPOINT WARNING * * *
Grinder hits you.
* * * LOW HITPOINT WARNING * * *
You writhe in agony.
You die...

#.# #.# #.#
#####.# ..#
#.....# ..#
#.###.# ...#
#.# ....#
###.##....#
#.@........
#.#..5.#.....
#......# ....
##+###+# ##.


You could see Grinder.

Vanquished Creatures
  A scorpion (D:3)
  Jessica (D:2)
  3 adders
  7 bats (D:1)
  2 endoplasms
  A giant cockroach (D:2)
  5 goblins
  5 hobgoblins
  4 jackals (D:2)
  4 kobolds
  3 quokkas
  4 ball pythons
  A frilled lizard (D:1)
  4 rats (D:1)
45 creatures vanquished.

Vanquished Creatures (others)
  144 foxfires
144 creatures vanquished.

Grand Total: 189 creatures vanquished

Notes
Turn   | Place    | Note
-------+----------+-------------------------------------------
     0 | D:1      | funkygono the Gargoyle Fire Elementalist began the quest
                  | for the Orb.
     0 | D:1      | Reached XP level 1. HP: 10/10 MP: 3/3
   157 | D:1      | Reached XP level 2. HP: 13/15 MP: 0/5
   537 | D:1      | Reached XP level 3. HP: 19/19 MP: 3/6
   576 | D:1      | Learned a level 3 spell: Conjure Flame
   891 | D:2      | Found a hazy altar of Hepliaklqana.
  1050 | D:2      | Noticed Jessica
  1073 | D:2      | Killed Jessica
  1074 | D:2      | Reached XP level 4. HP: 23/24 MP: 0/7
  2253 | D:2      | Learned a level 4 spell: Sticky Flame
  2314 | D:3      | Noticed a scorpion
  2325 | D:3      | Killed a scorpion
  2326 | D:3      | Reached skill level 4 in Fire Magic
  2326 | D:3      | Reached XP level 5. HP: 11/28 MP: 2/9
  2651 | D:3      | Noticed Grinder
  2673 | D:3      | Paralysed by Grinder for 7 turns
  2675 | D:3      | HP: 1/28 [Grinder (4)]
  2675 | D:3      | Slain by Grinder

Illustrated notes

Levels and vault maps discovered:
D:1:      minmay_arrival_three_doors, layout_rooms, minmay_pentomino_s4
D:2:      layout_basic, basic_altar, small_statue_intersection, uniq_jessica
D:3:      layout_basic, mainiacjoe_overflow_six_doors_small, serial_shops, shop,
          uniq_grinder

Skill      XL: |  1  2  3  4 |
---------------+-------------+-----
Conjurations   | 2 3 |  3.5
Fire Magic     | 4 |  4.1
Fighting       | |  0.3
Dodging        | |  1.7
Stealth        | |  2.1
Spellcasting   | |  2.9

Action                   |  1- 3 |  4- 6 || total
-------------------------+-------+-------++-------
Melee: Mace              |       |     4 ||     4
       Whip              |       |     3 ||     3
 Cast: Foxfire           |    46 |    35 ||    81
  Use: Scroll            |     3 |     3 ||     6
Armor: Robe              |    13 |     4 ||    17
Dodge: Dodged            |    10 |    10 ||    20
